 Dungeon Crawl Stone Soup version 0.30.1-4-g462c640d31 (webtiles) character file.

Game seed: 15667190565651093875

49 Diggabert the Poker (level 3, -3/34 HPs)
             Began as a Naga Monk on Aug 12, 2023.
             Slain by Sigmund
             ... wielding a +0 scythe
              (10 damage)
             ... on level 2 of the Dungeon.
             The game lasted 00:04:02 (1440 turns).

Diggabert the Poker (Naga Monk)                     Turns: 1440, Time: 00:04:03

Health: -3/34      AC:  3    Str: 15    XL:     3   Next: 77%
Magic:  3/3        EV: 10    Int: 10    God:
Gold:   96         SH:  0    Dex: 13    Spells: 2/2 levels left

rFire   . . .        a - +0 spear
rCold   . . .        d - orb {light}
rNeg    . . .        i - +0 leather armour
rPois   +            (no helmet)
rElec   .            (no cloak)
rCorr   .            h - +0 pair of gloves
SInv    +            (no barding)
Will    .....        (no amulet)
Stlth   +            (no ring)
HPRegen 0.25/turn    (no ring)
MPRegen 0.08/turn

%: no passive effects
@: glowing, very slow
A: AC +1, large, see invisible, deformed body, poison resistance, slowness 2,
spit poison 1, naga tail 1
a: Spit Poison


You were on level 2 of the Dungeon.
You visited 1 branch of the dungeon, and saw 2 of its levels.

You collected 96 gold pieces.

Inventory:

Hand Weapons
 a - a +0 spear (weapon)
Armour
 d - an orb of light (worn)
 h - a +0 pair of gloves (worn)
 i - a +0 leather armour (worn)
Jewellery
 m - an amulet of reflection
Scrolls
 f - a scroll of fog {unknown}
 j - a scroll of enchant armour {unknown}
 k - a scroll of fear {unknown}
 l - 2 scrolls of identify {unknown}
Potions
 b - a potion of heal wounds {unknown}
 e - 2 potions of haste {unknown}
 g - 3 potions of curing {unknown}


   Skills:
 * Level 3.5 Fighting
 * Level 3.6 Polearms
 * Level 0.6 Armour
 * Level 2.8 Dodging


You had 2 spell levels left.
You didn't know any spells.
Your spell library contained the following spells:

 Spells                   Type           Power      Damage    Failure   Level
 Slow                     Hex            0%         N/A       43%         1
 Sting                    Tmut/Pois      0%         1d3       43%         1
 Poisonous Vapours        Pois/Air       0%         N/A       56%         2
 Confusing Touch          Hex            0%         N/A       80%         3
 Vampiric Draining        Necr           0%         2d6       80%         3
 Olgreb's Toxic Radiance  Pois           0%         N/A       99%         4


Dungeon Overview and Level Annotations

Branches:
Dungeon (2/15)

Altars:

Shops:
D:2 :*

Annotations:
D:2 Sigmund


Innate Abilities, Weirdness & Mutations

Your serpentine skin is tough. (AC +1)
You have supernaturally acute eyesight. (SInv)
Armour fits poorly on your strangely shaped body.
Your system is resistant to poisons. (rPois)
You cover ground very slowly.
You can spit poison.
You have a snake-like lower body.


Message History

Sigmund is moderately wounded.
Sigmund hits you from afar with a +0 scythe!
You are too injured to fight recklessly!
You are too injured to fight recklessly!
You are too injured to fight recklessly!
You are too injured to fight recklessly!
Reach: a) +0 spear
Press: ? - help, Dir - move target, f/p - Sigmund
Aim: Sigmund, wielding a +0 scythe and wearing a +0 robe (moderately wounded, haloed, about 24% to evade your +0 spear)
You reach to attack!
You hit Sigmund.
Sigmund is moderately wounded.
You have got your breath back.
Reach: a) +0 spear
Press: ? - help, Dir - move target, f/p - Sigmund
Aim: Sigmund, wielding a +0 scythe and wearing a +0 robe (moderately wounded, haloed, about 24% to evade your +0 spear)
You reach to attack!
You hit Sigmund.
Sigmund is heavily wounded.
Sigmund hits you from afar with a +0 scythe!
* * * LOW HITPOINT WARNING * * *
Unknown command.
Reach: a) +0 spear
Press: ? - help, Dir - move target, f/p - Sigmund
Aim: Sigmund, wielding a +0 scythe and wearing a +0 robe (heavily wounded, haloed, about 24% to evade your +0 spear)
You reach to attack!
You hit Sigmund.
Sigmund is severely wounded.
Sigmund closely misses you.
Unknown command.
Reach: a) +0 spear
Press: ? - help, Dir - move target, f/p - Sigmund
Aim: Sigmund, wielding a +0 scythe and wearing a +0 robe (severely wounded, haloed, about 24% to evade your +0 spear)
You reach to attack!
You hit Sigmund.
Sigmund is almost dead.
Unknown command.
Reach: a) +0 spear
Press: ? - help, Dir - move target, f/p - Sigmund
Aim: Sigmund, wielding a +0 scythe and wearing a +0 robe (almost dead, haloed, about 24% to evade your +0 spear)
You reach to attack!
You hit Sigmund but do no damage.
Sigmund is almost dead.
Sigmund hits you from afar with a +0 scythe!
You die...

..#
#........###.......##
#.# ####.#####
##..†..## #.# #.#
##...## #.# #.# ###
##'## #.# #.# #.. ...
#.# #.# #.# ..# #.#
#.# #.# ..# #.# #.#
#.####... #.# #.#
#@#...... #.#
#.####........ #.#
#......@.##..# ..#
########## ###


You could see Sigmund.

Vanquished Creatures
  An adder (D:2)
  2 worms (D:2)
  A dart slug (D:2)
  3 ball pythons
  4 endoplasms
  A giant cockroach (D:2)
  4 goblins (D:2)
  4 hobgoblins
  A quokka (D:1)
  2 frilled lizards
  4 kobolds
  6 rats
33 creatures vanquished.

Notes
Turn   | Place    | Note
-------+----------+-------------------------------------------
     0 | D:1      | Diggabert the Naga Monk began the quest for the Orb.
     0 | D:1      | Reached XP level 1. HP: 21/21 MP: 1/1
   335 | D:1      | Reached XP level 2. HP: 22/28 MP: 2/2
   829 | D:2      | Reached XP level 3. HP: 34/34 MP: 3/3
   911 | D:2      | Found Ileatah's Assorted Antiques.
   911 | D:2      | Found Kilaca's Book Emporium.
  1409 | D:2      | Noticed Sigmund
  1440 | D:2      | Slain by Sigmund

Illustrated notes

Levels and vault maps discovered:
D:1:      amcnicky_arrival_flooded_fountain, layout_basic,
          serial_park_tiny_pond, hangedman_decor_growths
D:2:      layout_loops_corners, serial_shops, shop, shop, uniq_sigmund

Action                     || total
---------------------------++-------
  Melee: Spear             ||    80
Ability: Spit Poison       ||    27
    Use: Potion            ||     1
 Armour: Leather armour    ||     5
  Dodge: Dodged            ||    25
